Map: Prion Terraces

Players

Archangel

  • Race: Terran Terran
  • League: Bronze

TuuSAmo - Winner!

  • Race: Zerg Zerg

VOD

Have the link to the VOD?

Description

Time

  • Played on: Nov. 22, 2015, 11:13 p.m.
  • Length: 18:25
Show
View Real Time Build Order
Export as new Build Order

Archangel Terran 

Build Orders:  

Get SALT Encoding   

  12  0:01  SCV  
  13  0:13  SCV  
  14  0:25  SCV  
  15  0:36  Supply Depot  
  15  0:44  Refinery  
  15  0:50  Refinery  
  15  0:58  SCV  
  15  1:03  Barracks  
  16  1:10  SCV  
  17  1:22  SCV  
  18  1:34  SCV  
  18  1:38  Supply Depot  
  19  1:46  SCV  
  20  1:54  Factory  
  20  1:58  SCV  
  21  2:10  SCV  
  22  2:17  Supply Depot  
  23  2:22  SCV  
  23  2:35  SCV  
  24  2:43  Factory Tech Lab  
  24  2:47  SCV  
  24  2:51  Starport  
  25  2:58  Starport  
  25  3:04  Orbital Command  
  25  3:24  Siege Tank  
  28  3:32  Starport Tech Lab  
  28  3:40  Fusion Core  
  28  3:58  Supply Depot, Starport Tech Lab  
  28  4:14  Command Center  
  28  4:40  Supply Depot  
  28  4:46  Battlecruiser  
  34  5:20  Refinery  
  36  5:28  Siege Tank, Refinery  
  37  5:36  Battlecruiser  
  43  5:47  SCV x2  
  45  5:59  SCV x2  
  47  6:11  SCV x2  
  49  6:23  SCV x2  
  51  6:32  Battlecruiser  
  57  6:35  SCV x2  
  59  6:46  Battlecruiser  
  65  6:47  SCV  
  65  6:48  SCV  
  67  6:59  SCV  
  67  7:00  SCV  
  69  7:23  SCV  
  70  7:38  Supply Depot  
  70  7:43  Supply Depot  
  70  7:46  Supply Depot  
  70  8:00  SCV, Battlecruiser  
  70  8:05  Battlecruiser  
  83  8:11  Starport  
  83  8:20  Starport  
  83  8:25  Armory  
  83  8:47  Command Center  
  83  9:02  Command Center  
  83  9:03  Orbital Command  
  83  9:11  Starport Tech Lab  
  83  9:12  Starport Tech Lab  
  83  9:54  Refinery  
  83  9:57  Siege Tank  
  86  10:10  Refinery  
  86  10:13  Engineering Bay  
  86  10:20  Battlecruiser  
  92  10:21  Battlecruiser  
  92  10:23  Battlecruiser  
  92  10:27  Battlecruiser  
  110  10:29  Siege Tank  
  113  11:08  Refinery  
  113  11:13  Refinery  
  113  11:22  Missile Turret  
  113  11:30  Missile Turret  
  81  13:06  Siege Tank  
  77  13:38  Siege Tank  
  79  14:00  Factory  
  79  14:10  Siege Tank  
  82  14:42  Siege Tank  
  76  15:14  Siege Tank  
  79  16:14  Missile Turret  
  79  16:22  Missile Turret  
  73  16:26  Missile Turret  
  73  16:27  Missile Turret  
  73  16:31  Missile Turret  
  49  16:55  Missile Turret  
  49  17:26  Missile Turret  
  48  17:34  Missile Turret  
  47  17:54  Missile Turret  
Show
View Real Time Build Order
Export as new Build Order

TuuSAmo Zerg - Winner!

Build Orders: Pool First 

Get SALT Encoding   

  12  0:01  Drone  
  13  0:09  Drone  
  14  0:17  Overlord  
  14  0:35  Drone x3  
  17  0:53  Spawning Pool  
  17  0:54  Drone  
  17  1:11  Hatchery  
  17  1:16  Drone  
  17  1:19  Drone, Extractor  
  17  1:22  Drone  
  18  1:43  Queen  
  18  1:45  Zergling x4  
  22  1:57  Overlord  
  22  2:29  Drone x3  
  26  2:30  Drone  
  25  2:45  Zergling x6  
  28  2:58  Drone  
  29  3:01  Metabolic Boost  
  29  3:09  Drone  
  29  3:10  Drone x2  
  32  3:16  Lair  
  32  3:17  Drone x3  
  35  3:27  Overlord  
  35  3:38  Drone  
  36  3:44  Queen  
  36  3:46  Roach Warren  
  37  3:52  Evolution Chamber  
  37  3:54  Evolution Chamber  
  37  3:55  Drone x4  
  39  3:59  Zergling x4  
  41  4:14  Extractor  
  40  4:20  Queen  
  42  4:32  Drone x2  
  44  4:45  Hatchery  
  44  4:47  Overlord x4  
  44  4:52  Zergling x2  
  44  5:14  Zerg Ground Armor Level 1  
  44  5:17  Glial Reconstitution  
  44  5:18  Roach x2  
  48  5:25  Extractor  
  48  5:26  Extractor  
  46  5:30  Drone x2  
  48  5:38  Drone x4  
  48  5:39  Drone x2  
  54  5:56  Drone  
  55  5:57  Baneling Nest  
  55  6:00  Drone  
  55  6:02  Drone x5  
  61  6:11  Drone x4  
  61  6:12  Drone x3  
  67  6:20  Queen  
  69  6:29  Zerg Missile Weapons Level 1  
  70  6:40  Drone x2  
  73  6:54  Roach x4  
  73  6:55  Roach  
  73  6:56  Overlord x5  
  81  7:11  Drone  
  82  7:20  Burrow  
  82  7:25  Zerg Ground Armor Level 2  
  82  7:27  Roach x6  
  82  7:28  Roach  
  96  7:45  Zergling x4  
  96  7:46  Roach x3, Zergling x2  
  96  7:47  Roach x5  
  115  7:56  Ravager x2  
  115  7:57  Ravager x5  
  122  8:14  Hatchery  
  121  8:28  Centrifical Hooks  
  121  8:41  Nydus Network  
  121  8:42  Overlord x4  
  121  8:43  Overlord x6  
  121  8:44  Overlord x6  
  121  8:45  Overlord x3  
  118  9:15  Spire  
  117  9:28  Hydralisk Den  
  117  9:29  Zerg Missile Weapons Level 2  
  116  9:44  Drone x2  
  118  9:46  Drone x3  
  118  9:47  Drone x3  
  124  10:01  Hydralisk  
  124  10:02  Hydralisk x10  
  146  10:08  Extractor  
  146  10:11  Extractor  
  146  10:12  Drone x2  
  146  10:13  Drone x5  
  151  10:21  Hydralisk x3  
  151  10:22  Hydralisk  
  159  10:28  Zerg Melee Weapons Level 1  
  159  10:46  Hydralisk x2  
  159  10:47  Hydralisk x2  
  167  11:01  Infestation Pit  
  166  11:04  Pneumatized Carapace  
  166  11:14  Queen  
  166  11:15  Corruptor  
  166  11:16  Corruptor  
  172  11:44  Hydralisk x2  
  172  11:45  Hydralisk x3  
  172  11:46  Hydralisk, Roach x4  
  192  12:07  Overlord  
  192  12:08  Overlord x2  
  192  12:12  Hive  
  192  12:16  Overlord  
  191  13:00  Corruptor x2  
  191  13:01  Corruptor x2  
  199  13:14  Zerg Melee Weapons Level 2  
  199  13:22  Overlord  
  179  13:53  Mutalisk x6  
  179  13:54  Mutalisk x4  
  199  14:07  Zerg Flyer Weapons Level 1  
  199  14:49  Nydus Canal  
  185  15:18  Mutalisk x3  
  185  15:19  Mutalisk x4  
  199  15:46  Nydus Canal  
  197  16:07  Corruptor x2  
  197  16:08  Corruptor  
  189  17:20  Mutalisk x4  
  189  17:21  Mutalisk  
Tags
 
Add a new tag
Caveats
  • Supply blocks, unpowered buildings, or Contaminate may cause inaccurate times.
  • Supply counts are checked every 10 seconds.